 Dungeon Crawl Stone Soup version 0.29.0-4-gdea44cf6ec (webtiles) character file.

Game seed: 8631355932548549165

60 qw the Chopper (level 4, -2/26 HPs)
             Began as a Tengu Warper on Aug 28, 2022.
             Slain by a goblin
             ... wielding a +0 dagger
             ... led by Robin
              (5 damage)
             ... on level 2 of the Dungeon.
             The game lasted 00:00:07 (1322 turns).

qw the Chopper (Tengu Warper)                       Turns: 1322, Time: 00:00:07

Health: -2/26      AC:  5    Str: 13    XL:     4   Next: 4%
Magic:  8/8        EV: 11    Int: 13    God:
Gold:   66         SH:  0    Dex: 14    Spells: 7/7 levels left

rFire   . . .      SeeInvis .   Y - +0 hand axe
rCold   . . .      Faith    .   (no shield)
rNeg    . . .      Spirit   .   e - +0 ring mail
rPois   .          Reflect  .   (helmet restricted)
rElec   .          Harm     .   (no cloak)
rCorr   .          Rampage  .   (no gloves)
Will    .....                   (boots unavailable)
Stlth   +.........              (no amulet)
HPRegen 0.08/turn               (no ring)
MPRegen 0.11/turn               (no ring)

@: no status effects
A: beak, talons 3
a: no special abilities


You were on level 2 of the Dungeon.
You visited 1 branch of the dungeon, and saw 2 of its levels.

You collected 66 gold pieces.


Innate Abilities, Weirdness & Mutations

You have a beak for a mouth.
You have claws for feet.


   Skills:
 - Level 2.0 Fighting
 + Level 4.6 Axes
 - Level 1.0 Throwing
 - Level 1.1 Armour
 - Level 2.1 Dodging
 - Level 2.0 Spellcasting
 - Level 2.4 Translocations


You had 7 spell levels left.
You didn't know any spells.
Your spell library contained the following spells:

 Spells                   Type           Power      Damage    Failure   Level
 Blink                    Tloc           14%        N/A       30%         2
 Gell's Gravitas          Tloc           7%         N/A       52%         3
 Lesser Beckoning         Tloc           7%         N/A       52%         3
 Teleport Other           Tloc           7%         N/A       52%         3
 Manifold Assault         Tloc           7%         N/A       99%         5

Inventory:

Hand Weapons
 Y - a +0 hand axe (weapon)
Armour
 e - a +0 ring mail (worn)
Scrolls
 a - a scroll of poison {unknown}
 b - a scroll of fog {unknown}
 c - a scroll of identify {unknown}
Potions
 d - a potion of brilliance {unknown}
 f - a potion of magic {unknown}
 g - a potion of attraction {unknown}

Dungeon Overview and Level Annotations

Branches:
Dungeon (2/15)

Altars:

Annotations:
D:2 Robin


Message History

The goblins go into a battle-frenzy!
You barely miss the hobgoblin.
You claw the hobgoblin, but do no damage.
An endoplasm comes into view.
The hobgoblin closely misses you.
The endoplasm quivers.
You hit the hobgoblin. You claw the hobgoblin.
You kill the hobgoblin!
Robin points. "Kill!"
You barely miss the kobold. You hit the goblin but do no damage.
You closely miss the goblin. You barely miss the goblin.
The kobold closely misses you. The goblin closely misses you.
The goblin hits you with a +0 club.
You hit the kobold but do no damage. You claw the kobold.
You kill the kobold!
You closely miss the goblin. You hit the goblin. x2
You kill the goblin!
The goblin hits you with a +0 dagger. The goblin hits you with a +0 club.
The goblin unwields a +0 dagger.
The goblin wields a +0 sling.
The goblin shoots a sling bullet.
The sling bullet hits you but does no damage.
Robin throws the goblin at you! The goblin completely misses you.
The goblin hits you with a +0 dagger. The goblin closely misses you.
The goblin barely misses you. The goblin hits you but does no damage.
You have reached level 4!
You feel agile.
You slash the goblin!
You kill the goblin!
You hit the goblin. x2
You kill the goblin!
You completely miss the goblin. You hit the goblin but do no damage.
A ball python comes into view.
The goblin closely misses you. The goblin barely misses you.
The goblin closely misses you.
You hit the goblin.
You kill the goblin!
You hit the goblin. You hit the hobgoblin. You hit the goblin.
You closely miss the goblin.
The goblin unwields a +0 sling.
The goblin wields a +0 dagger.
The goblin hits you with a +0 dagger.
You die...

.... #.............## ..
#..##...........
#..#........####
..######.......#...#
...........#.####..#
..#######..#.# #..#
#.....#.####<.##
...####.g..##.#......#
......g@)#.##.#......#
......gg)#.##........###
......gg.#.##...>.......
....J.............#.....
......[....####.........
.....?.....# ....#....<.
.S...........#...#..)...
.........#.##..#.#......
. ........


You could see Robin, an endoplasm, a hobgoblin (strong), 4 goblins and a ball
python.

Vanquished Creatures
  2 adders (D:2)
  A worm (D:2)
  A dart slug (D:1)
  4 ball pythons
  4 endoplasms (D:1)
  A giant cockroach (D:1)
  5 goblins (D:2)
  4 hobgoblins
  2 kobolds
  A quokka (D:1)
  2 bats
  5 frilled lizards (D:1)
  4 rats (D:1)
36 creatures vanquished.

Notes
Turn   | Place    | Note
-------+----------+-------------------------------------------
     0 | D:1      | qw the Tengu Warper began the quest for the Orb.
     0 | D:1      | Reached XP level 1. HP: 12/12 MP: 4/4
     0 | D:1      | 0 ||| qw: Version: 0.1-a-89-g26bdef1
     0 | D:1      | 0 ||| qw: Game counter: 1271
     0 | D:1      | 0 ||| qw: Always use a shield: true
     0 | D:1      | 0 ||| qw: God list: Okawaru
     0 | D:1      | 0 ||| qw: Allow faded altars: false
     0 | D:1      | 0 ||| qw: Do Orc after D:15 true
     0 | D:1      | 0 ||| qw: Do second Lair branch before Depths: true
     0 | D:1      | 0 ||| qw: Lair rune preference: random
     0 | D:1      | 0 ||| qw: Plans: Normal
     0 | D:1      | 0 ||| PLANNING D:1-11
   144 | D:1      | 144 ||| Stepping ~*~*~tactically~*~*~ (stealth).
   248 | D:1      | Reached XP level 2. HP: 17/17 MP: 6/6
   252 | D:1      | Reached skill level 3 in Axes
   331 | D:1      | 331 ||| Stepping ~*~*~tactically~*~*~ (stealth).
   332 | D:1      | 332 ||| Stepping ~*~*~tactically~*~*~ (stealth).
   351 | D:1      | 351 ||| Stepping ~*~*~tactically~*~*~ (stealth).
   356 | D:1      | 356 ||| Stepping ~*~*~tactically~*~*~ (stealth).
   365 | D:1      | 365 ||| Stepping ~*~*~tactically~*~*~ (stealth).
   704 | D:1      | 704 ||| Stepping ~*~*~tactically~*~*~ (stealth).
   714 | D:1      | Reached XP level 3. HP: 21/21 MP: 7/7
   717 | D:1      | 717 ||| Stepping ~*~*~tactically~*~*~ (hiding).
   772 | D:1      | 772 ||| UPGRADING to +0 ring mail.
   782 | D:1      | 782 ||| DROPPING +0 leather armour.
   783 | D:1      | 783 ||| READING 2 scrolls labelled MOERUI LOHA.
   784 | D:1      | 784 ||| DROPPING scroll of noise.
   785 | D:1      | 785 ||| DROPPING scroll of blinking.
   840 | D:2      | 840 ||| Stepping ~*~*~tactically~*~*~ (stealth).
   852 | D:2      | Reached skill level 4 in Axes
   958 | D:2      | HP: 5/21 [poisoned by an adder]
   961 | D:2      | HP: 2/21 [poisoned by an adder]
  1315 | D:2      | Noticed Robin
  1320 | D:2      | HP: 2/21 [goblin/+0 dagger[Robin] (5)]
  1321 | D:2      | Reached XP level 4. HP: 3/26 MP: 8/8
  1322 | D:2      | Slain by a goblin

Levels and vault maps discovered:
D:1:      evilmike_arrival_crescent, layout_loops_ring
D:2:      layout_rooms, shapermc_ecumenical_altar_mp_urbaneastern, uniq_robin

Skill      XL: |  1  2  3 |
---------------+----------+-----
Axes           | 3 4 |  4.6
Fighting       | |  2.0
Throwing       | |  1.0
Armour         | |  1.1
Dodging        | |  2.1
Spellcasting   | |  2.0
Translocations | |  2.4

Action                   |  1- 3 |  4- 6 || total
-------------------------+-------+-------++-------
Melee: Hand axe          |    75 |     2 ||    77
       Kick              |    18 |       ||    18
       Peck              |     5 |       ||     5
       Punch             |     1 |       ||     1
Throw: Boomerang         |     7 |       ||     7
  Use: Scroll            |     1 |       ||     1
Armor: Leather armour    |    10 |       ||    10
       Ring mail         |    14 |       ||    14
Dodge: Dodged            |    38 |     3 ||    41

Table legend:
 A = Non-vault XP
 B = Vault XP
 C = Vault XP percentage of total XP
 D = Non-vault monster count
 E = Vault monster count
 F = Vault count percentage of total count
                 A         B        C        D         E       F
            +---------+---------+-------+---------+---------+-------
      Total |      76 |      12 |  13.6 |      30 |       6 |  16.7
            +---------+---------+-------+---------+---------+-------
        D:1 |      38 |       0 |   0.0 |      23 |       0 |   0.0
        D:2 |      38 |      12 |  24.0 |       7 |       6 |  46.2
            +---------+---------+-------+---------+---------+-------
